3005 views
Uploaded 2019-12-01 20:36:17
Game version 1.32.0.2 / 1.32.0.2.1
76:22 long 4on4 ladder game on (8)Feralas_LV
Saved by BEARAND
3005 views
Uploaded 2019-12-01 20:36:17
Game version 1.32.0.2 / 1.32.0.2.1
76:22 long 4on4 ladder game on (8)Feralas_LV


118 units @ 14.2k
/ 2k
323 buildings @ 25.1k
/ 15.2k


| Healing Salve | 4 | 400 |
| Lesser Clarity Potion | 13 | 910 |
| Orb of Lightning | 1 | 375 |
| Potion of Healing | 2 | 300 |
| Potion of Mana | 1 | 200 |
| Scroll of Town Portal | 2 | 700 |
| Boots of Speed | 2 | 500 |
| Staff of Teleportation | 2 | 300 |
| Orb of Fire | 1 | 325 |
| total: | 28 | 4010g |
| Peon | 10 | 750 | / | 0 |
| Troll Batrider | 12 | 1920 | / | 480 |
| total: | 22 | 2670g | / | 480w |
| Watch Tower | 57 | 6270 | / | 4560 |
| Altar of Storms | 2 | 360 | / | 100 |
| Orc Burrow | 5 | 800 | / | 200 |
| War Mill | 1 | 205 | / | 0 |
| Voodoo Lounge | 1 | 130 | / | 30 |
| Beastiary | 1 | 145 | / | 140 |
| Stronghold | 1 | 315 | / | 190 |
| Fortress | 1 | 325 | / | 190 |
| total: | 67 | 7910g | / | 5030w |
| 0:02 | Peon |
| 0:09 | Altar of Storms |
| 0:12 | Peon |
| 0:42 | Peon |
| 0:47 | Orc Burrow |
| 0:56 | Peon |
| 1:09 | War Mill |
| 1:11 | Peon |
| 1:21 | Peon |
| 1:33 | Voodoo Lounge |
| 1:40 | Peon |
| 1:49 | Peon |
| 2:03 | Peon |
| 2:28 | Peon |
| 2:32 | Watch Tower |
| 2:37 | Watch Tower |
| 2:41 | Watch Tower |
| 2:42 | Wind Walk |
| 2:44 | Healing Salve |
| 2:44 | Lesser Clarity Potion |
| 2:48 | Lesser Clarity Potion |
| 3:28 | Stronghold |
| 3:31 | Watch Tower |
| 3:47 | Watch Tower |
| 4:43 | Watch Tower |
| 4:44 | Watch Tower |
| 5:53 | Orc Burrow |
| 6:06 | Fortress |
| 6:08 | Beastiary |
| 6:50 | Watch Tower |
| 6:51 | Watch Tower |
| 6:51 | Watch Tower |
| 7:21 | Critical Strike |
| 7:33 | Boots of Speed |
| 7:33 | Staff of Teleportation |
| 7:52 | Hex |
| 8:34 | Troll Batrider |
| 8:35 | Liquid Fire |
| 8:37 | Watch Tower |
| 8:39 | Healing Salve |
| 8:39 | Lesser Clarity Potion |
| 8:40 | Orb of Lightning |
| 8:57 | Troll Batrider |
| 9:53 | Lesser Clarity Potion |
| 10:28 | Watch Tower |
| 10:29 | Watch Tower |
| 10:41 | Troll Batrider |
| 10:49 | Orc Burrow |
| 12:01 | Healing Salve |
| 12:04 | Lesser Clarity Potion |
| 12:13 | Troll Batrider |
| 12:15 | Steel Ranged Weapons |
| 12:40 | Watch Tower |
| 12:41 | Watch Tower |
| 13:00 | Boots of Speed |
| 13:11 | Steel Armor |
| 13:13 | Watch Tower |
| 13:14 | Watch Tower |
| 13:15 | Watch Tower |
| 13:15 | Watch Tower |
| 14:00 | Healing Wave |
| 14:20 | Wind Walk |
| 15:15 | Lesser Clarity Potion |
| 15:47 | Watch Tower |
| 15:47 | Watch Tower |
| 16:28 | Lesser Clarity Potion |
| 17:18 | Troll Batrider |
| 17:53 | Watch Tower |
| 17:54 | Watch Tower |
| 17:54 | Watch Tower |
| 17:55 | Watch Tower |
| 18:12 | Potion of Healing |
| 18:20 | Orb of Fire |
| 18:38 | Staff of Teleportation |
| 18:54 | Watch Tower |
| 19:15 | Thorium Ranged Weapons |
| 19:16 | Thorium Armor |
| 19:16 | Troll Batrider |
| 19:29 | Hex |
| 19:36 | Lesser Clarity Potion |
| 20:37 | Troll Batrider |
| 20:39 | Arcanite Ranged Weapons |
| 20:49 | Healing Salve |
| 21:02 | Watch Tower |
| 21:02 | Watch Tower |
| 21:03 | Watch Tower |
| 21:03 | Watch Tower |
| 21:22 | Scroll of Town Portal |
| 22:44 | Reinforced Defenses |
| 22:49 | Watch Tower |
| 22:50 | Watch Tower |
| 22:51 | Watch Tower |
| 22:52 | Watch Tower |
| 22:52 | Watch Tower |
| 22:53 | Watch Tower |
| 22:53 | Watch Tower |
| 23:52 | Watch Tower |
| 23:54 | Watch Tower |
| 23:54 | Watch Tower |
| 23:55 | Watch Tower |
| 23:55 | Watch Tower |
| 23:56 | Watch Tower |
| 25:28 | Watch Tower |
| 25:38 | Troll Batrider |
| 25:38 | Troll Batrider |
| 25:38 | Troll Batrider |
| 25:38 | Troll Batrider |
| 25:40 | Watch Tower |
| 25:40 | Watch Tower |
| 25:41 | Watch Tower |
| 25:42 | Watch Tower |
| 25:43 | Watch Tower |
| 25:43 | Watch Tower |
| 26:31 | Critical Strike |
| 27:06 | Troll Batrider |
| 27:12 | Scroll of Town Portal |
| 27:22 | Watch Tower |
| 27:22 | Watch Tower |
| 28:03 | Watch Tower |
| 28:04 | Watch Tower |
| 28:42 | Watch Tower |
| 28:43 | Watch Tower |
| 28:52 | Watch Tower |
| 29:31 | Lesser Clarity Potion |
| 29:34 | Potion of Mana |
| 30:35 | Healing Wave |
| 36:19 | Wind Walk |
| 36:59 | Lesser Clarity Potion |
| 38:27 | Lesser Clarity Potion |
| 39:15 | Altar of Storms |
| 39:16 | Orc Burrow |
| 40:14 | Lesser Clarity Potion |
| 41:27 | Orc Burrow |
| 43:04 | Lesser Clarity Potion |
| 45:56 | Critical Strike |
| 47:58 | Potion of Healing |
| 55:06 | Hex |
| 56:51 | Bladestorm |
| 68:02 | Big Bad Voodoo |
| 68:04 | Mirror Image |
| Right click | 5535 |
| Select group | 1768 |
| Chat | 837 |
| Select | 569 |
| Build/train/purchase | 308 |
| Assign group | 277 |
| Use ability | 163 |
| Misc. action | 25 |
| Item give/drop | 17 |
| Resource trade | 11 |
| Minimap ping | 8 |
Cocorico76
(53:08) : 

| Healing Salve | 4 | 400 |
| Scroll of Speed | 3 | 150 |
| Lesser Clarity Potion | 1 | 70 |
| Orb of Lightning | 1 | 375 |
| Scroll of Town Portal | 3 | 1050 |
| Potion of Lesser Invulnerability | 1 | 150 |
| total: | 13 | 2195g |
| Peon | 13 | 975 | / | 0 |
| Grunt | 5 | 1000 | / | 0 |
| Demolisher | 4 | 880 | / | 200 |
| Raider | 8 | 1440 | / | 320 |
| Troll Batrider | 8 | 1280 | / | 320 |
| Shaman | 2 | 260 | / | 40 |
| total: | 40 | 5835g | / | 880w |
| Watch Tower | 7 | 770 | / | 560 |
| Altar of Storms | 1 | 180 | / | 50 |
| Barracks | 1 | 180 | / | 50 |
| Orc Burrow | 5 | 800 | / | 200 |
| Voodoo Lounge | 1 | 130 | / | 30 |
| War Mill | 1 | 205 | / | 0 |
| Great Hall | 1 | 385 | / | 185 |
| Beastiary | 2 | 290 | / | 280 |
| Spirit Lodge | 2 | 300 | / | 300 |
| Stronghold | 1 | 315 | / | 190 |
| Fortress | 1 | 325 | / | 190 |
| total: | 21 | 3240g | / | 1655w |
| 0:05 | Peon |
| 0:05 | Peon |
| 0:10 | Altar of Storms |
| 0:18 | Barracks |
| 0:48 | Orc Burrow |
| 0:59 | Peon |
| 1:12 | Peon |
| 1:22 | Peon |
| 1:43 | Grunt |
| 1:51 | Peon |
| 2:03 | Orc Burrow |
| 2:18 | Voodoo Lounge |
| 2:40 | Wind Walk |
| 3:17 | Stronghold |
| 3:18 | Grunt |
| 3:57 | Critical Strike |
| 4:12 | Healing Salve |
| 4:19 | Grunt |
| 4:29 | War Mill |
| 4:57 | Healing Salve |
| 5:23 | Orc Burrow |
| 6:10 | Fortress |
| 6:20 | Great Hall |
| 6:42 | Watch Tower |
| 6:51 | Watch Tower |
| 7:13 | Endurance Aura |
| 7:40 | Critical Strike |
| 7:56 | Watch Tower |
| 8:01 | Watch Tower |
| 8:52 | Peon |
| 8:53 | Peon |
| 8:53 | Peon |
| 8:58 | Peon |
| 9:08 | Beastiary |
| 9:17 | Peon |
| 9:17 | Peon |
| 9:17 | Peon |
| 9:26 | Demolisher |
| 9:48 | Scroll of Speed |
| 10:01 | Demolisher |
| 10:20 | Raider |
| 10:20 | Raider |
| 10:20 | Raider |
| 11:23 | Pillage |
| 11:28 | Raider |
| 11:36 | Scroll of Speed |
| 11:38 | Lesser Clarity Potion |
| 11:59 | Orc Burrow |
| 12:03 | Orc Burrow |
| 12:08 | Ensnare |
| 12:14 | Liquid Fire |
| 12:45 | Burning Oil |
| 13:05 | Troll Batrider |
| 13:05 | Troll Batrider |
| 13:05 | Troll Batrider |
| 13:05 | Troll Batrider |
| 13:05 | Troll Batrider |
| 14:28 | Raider |
| 14:29 | Raider |
| 14:37 | Healing Salve |
| 14:48 | Demolisher |
| 14:48 | Demolisher |
| 15:02 | Orb of Lightning |
| 15:03 | Scroll of Town Portal |
| 15:04 | Scroll of Speed |
| 15:04 | Scroll of Town Portal |
| 16:39 | Healing Salve |
| 16:52 | Grunt |
| 16:53 | Grunt |
| 16:53 | Berserker Strength |
| 16:57 | Steel Melee Weapons |
| 16:57 | Steel Armor |
| 16:57 | Reinforced Defenses |
| 17:04 | Spirit Lodge |
| 17:10 | Spirit Lodge |
| 17:59 | Raider |
| 17:59 | Raider |
| 18:19 | Thorium Melee Weapons |
| 18:46 | Troll Batrider |
| 18:46 | Troll Batrider |
| 18:46 | Troll Batrider |
| 18:54 | Shaman Adept Training |
| 18:59 | Shaman |
| 19:05 | Beastiary |
| 19:26 | Shaman |
| 19:58 | Watch Tower |
| 20:01 | Watch Tower |
| 20:06 | Watch Tower |
| 21:43 | Scroll of Town Portal |
| 22:57 | Potion of Lesser Invulnerability |
| Right click | 816 |
| Chat | 589 |
| Select | 268 |
| Select group | 162 |
| Build/train/purchase | 86 |
| Assign group | 71 |
| Resource trade | 41 |
| Misc. action | 23 |
| Use ability | 15 |
| Remove unit | 10 |
| Item give/drop | 6 |

| Healing Salve | 4 | 400 |
| Orb of Lightning | 1 | 375 |
| Lesser Clarity Potion | 2 | 140 |
| Potion of Mana | 1 | 200 |
| Potion of Healing | 2 | 300 |
| Scroll of Town Portal | 1 | 350 |
| Staff of Teleportation | 1 | 150 |
| Boots of Speed | 1 | 250 |
| Staff of Sanctuary | 1 | 250 |
| total: | 14 | 2415g |
| Peon | 23 | 1725 | / | 0 |
| total: | 23 | 1725g | / | 0w |
| Watch Tower | 47 | 5170 | / | 3760 |
| Altar of Storms | 1 | 180 | / | 50 |
| Orc Burrow | 2 | 320 | / | 80 |
| Voodoo Lounge | 1 | 130 | / | 30 |
| War Mill | 1 | 205 | / | 0 |
| Great Hall | 1 | 385 | / | 185 |
| Stronghold | 1 | 315 | / | 190 |
| Fortress | 1 | 325 | / | 190 |
| total: | 53 | 6390g | / | 4105w |
| 0:41 | Peon |
| 0:43 | Altar of Storms |
| 0:50 | Peon |
| 0:58 | Orc Burrow |
| 1:04 | Peon |
| 1:20 | Peon |
| 1:35 | Peon |
| 1:52 | Voodoo Lounge |
| 1:54 | Peon |
| 2:02 | Peon |
| 2:12 | Orc Burrow |
| 2:15 | Peon |
| 2:31 | Peon |
| 2:59 | Peon |
| 3:05 | War Mill |
| 3:29 | Hex |
| 4:46 | Watch Tower |
| 4:47 | Watch Tower |
| 4:48 | Watch Tower |
| 5:09 | Staff of Teleportation |
| 5:11 | Boots of Speed |
| 5:15 | Stronghold |
| 5:16 | Spiked Barricades |
| 5:23 | Watch Tower |
| 5:24 | Watch Tower |
| 5:27 | Healing Salve |
| 5:54 | Watch Tower |
| 5:55 | Watch Tower |
| 7:16 | Watch Tower |
| 7:16 | Watch Tower |
| 7:17 | Watch Tower |
| 8:04 | Healing Wave |
| 8:24 | Watch Tower |
| 8:25 | Watch Tower |
| 8:25 | Watch Tower |
| 8:28 | Fortress |
| 8:31 | Reinforced Defenses |
| 8:50 | Watch Tower |
| 9:38 | Watch Tower |
| 9:39 | Watch Tower |
| 10:30 | Watch Tower |
| 10:30 | Watch Tower |
| 10:36 | Watch Tower |
| 10:51 | Orb of Lightning |
| 10:51 | Healing Salve |
| 11:08 | Peon |
| 11:08 | Peon |
| 11:55 | Great Hall |
| 11:55 | Watch Tower |
| 12:50 | Improved Spiked Barricades |
| 12:51 | Peon |
| 13:11 | Watch Tower |
| 13:43 | Hex |
| 14:12 | Watch Tower |
| 14:15 | Watch Tower |
| 14:15 | Watch Tower |
| 14:16 | Watch Tower |
| 14:17 | Watch Tower |
| 15:03 | Peon |
| 15:03 | Peon |
| 15:16 | Watch Tower |
| 15:21 | Watch Tower |
| 15:23 | Watch Tower |
| 15:24 | Watch Tower |
| 15:27 | Watch Tower |
| 15:58 | Peon |
| 15:58 | Peon |
| 16:14 | Lesser Clarity Potion |
| 16:38 | Potion of Mana |
| 16:52 | Watch Tower |
| 18:08 | Peon |
| 18:09 | Peon |
| 18:24 | Watch Tower |
| 18:25 | Watch Tower |
| 18:26 | Watch Tower |
| 18:32 | Watch Tower |
| 19:12 | Watch Tower |
| 19:34 | Watch Tower |
| 19:37 | Watch Tower |
| 19:44 | Healing Salve |
| 20:02 | Watch Tower |
| 20:03 | Watch Tower |
| 20:04 | Watch Tower |
| 20:15 | Peon |
| 20:15 | Peon |
| 21:21 | Watch Tower |
| 21:22 | Watch Tower |
| 21:23 | Watch Tower |
| 21:39 | Peon |
| 21:40 | Peon |
| 23:51 | Watch Tower |
| 23:52 | Watch Tower |
| 24:30 | Potion of Healing |
| 26:03 | Staff of Sanctuary |
| 27:54 | Healing Wave |
| 29:54 | Lesser Clarity Potion |
| 30:00 | Potion of Healing |
| 30:05 | Healing Salve |
| 34:25 | Scroll of Town Portal |
| 39:48 | Hex |
| 59:16 | Healing Wave |
| Right click | 5826 |
| Assign group | 1737 |
| Select | 484 |
| Select group | 257 |
| Use ability | 140 |
| Build/train/purchase | 63 |
| Chat | 61 |
| Misc. action | 49 |
| Resource trade | 39 |
| Minimap ping | 13 |
| Item give/drop | 7 |
| Esc | 4 |



| Staff of Sanctuary | 3 | 750 |
| Orb of Fire | 1 | 325 |
| Boots of Speed | 4 | 1000 |
| Staff of Teleportation | 3 | 450 |
| Healing Salve | 2 | 200 |
| Orb of Lightning | 2 | 750 |
| total: | 15 | 3475g |
| Peasant | 19 | 1425 | / | 0 |
| Dragonhawk Rider | 6 | 1200 | / | 180 |
| Priest | 1 | 135 | / | 10 |
| Mortar Team | 7 | 1260 | / | 490 |
| total: | 33 | 4020g | / | 680w |
| Scout Tower | 162 | 4860 | / | 3240 |
| Arcane Tower | 9 | 630 | / | 450 |
| Guard Tower | 66 | 4620 | / | 3300 |
| Altar of Kings | 1 | 180 | / | 50 |
| Farm | 7 | 560 | / | 140 |
| Lumber Mill | 1 | 120 | / | 0 |
| Arcane Vault | 2 | 260 | / | 60 |
| Town Hall | 1 | 385 | / | 205 |
| Blacksmith | 3 | 420 | / | 180 |
| Barracks | 2 | 320 | / | 120 |
| Gryphon Aviary | 1 | 140 | / | 150 |
| Arcane Sanctum | 1 | 150 | / | 140 |
| Workshop | 1 | 140 | / | 140 |
| Keep | 1 | 320 | / | 210 |
| Castle | 1 | 360 | / | 210 |
| total: | 182 | 7535g | / | 4425w |
| 0:04 | Peasant |
| 0:04 | Peasant |
| 0:11 | Altar of Kings |
| 0:16 | Peasant |
| 0:20 | Farm |
| 0:41 | Peasant |
| 1:11 | Farm |
| 1:12 | Lumber Mill |
| 1:16 | Peasant |
| 1:24 | Peasant |
| 1:32 | Arcane Vault |
| 1:36 | Scout Tower |
| 1:37 | Scout Tower |
| 1:37 | Peasant |
| 1:54 | Peasant |
| 2:08 | Peasant |
| 2:24 | Arcane Tower |
| 2:30 | Blizzard |
| 2:35 | Peasant |
| 2:39 | Scout Tower |
| 2:56 | Guard Tower |
| 3:40 | Scout Tower |
| 3:41 | Scout Tower |
| 3:41 | Scout Tower |
| 3:42 | Scout Tower |
| 3:42 | Scout Tower |
| 3:43 | Scout Tower |
| 3:43 | Scout Tower |
| 3:44 | Scout Tower |
| 3:44 | Scout Tower |
| 3:49 | Brilliance Aura |
| 3:52 | Scout Tower |
| 3:52 | Scout Tower |
| 3:53 | Scout Tower |
| 3:53 | Scout Tower |
| 3:54 | Scout Tower |
| 3:54 | Scout Tower |
| 3:55 | Scout Tower |
| 4:04 | Peasant |
| 4:04 | Peasant |
| 4:11 | Arcane Tower |
| 4:21 | Guard Tower |
| 4:25 | Guard Tower |
| 4:26 | Scout Tower |
| 4:29 | Scout Tower |
| 4:30 | Guard Tower |
| 4:34 | Peasant |
| 4:40 | Guard Tower |
| 4:48 | Guard Tower |
| 4:57 | Guard Tower |
| 5:12 | Guard Tower |
| 5:20 | Peasant |
| 5:40 | Town Hall |
| 5:45 | Scout Tower |
| 5:46 | Scout Tower |
| 5:47 | Scout Tower |
| 5:47 | Scout Tower |
| 6:14 | Guard Tower |
| 6:16 | Keep |
| 6:17 | Guard Tower |
| 6:37 | Healing Salve |
| 6:46 | Guard Tower |
| 6:50 | Farm |
| 6:54 | Peasant |
| 6:54 | Peasant |
| 6:54 | Peasant |
| 6:54 | Peasant |
| 7:15 | Guard Tower |
| 7:19 | Scout Tower |
| 7:19 | Scout Tower |
| 7:20 | Scout Tower |
| 7:21 | Scout Tower |
| 7:21 | Scout Tower |
| 7:22 | Scout Tower |
| 7:37 | Boots of Speed |
| 8:28 | Guard Tower |
| 8:31 | Peasant |
| 9:02 | Scout Tower |
| 9:02 | Scout Tower |
| 9:03 | Scout Tower |
| 9:22 | Guard Tower |
| 9:23 | Castle |
| 9:26 | Scout Tower |
| 9:26 | Scout Tower |
| 9:27 | Scout Tower |
| 9:29 | Scout Tower |
| 9:29 | Scout Tower |
| 9:30 | Guard Tower |
| 9:31 | Improved Masonry |
| 9:31 | Improved Lumber Harvesting |
| 10:02 | Storm Bolt |
| 10:33 | Guard Tower |
| 10:34 | Guard Tower |
| 10:35 | Guard Tower |
| 10:36 | Guard Tower |
| 10:38 | Scout Tower |
| 10:39 | Scout Tower |
| 10:39 | Scout Tower |
| 10:41 | Scout Tower |
| 10:41 | Scout Tower |
| 10:42 | Scout Tower |
| 10:42 | Scout Tower |
| 10:45 | Advanced Masonry |
| 10:49 | Gryphon Aviary |
| 10:50 | Blacksmith |
| 10:51 | Barracks |
| 10:55 | Arcane Sanctum |
| 11:01 | Healing Salve |
| 11:26 | Boots of Speed |
| 11:26 | Staff of Teleportation |
| 11:46 | Guard Tower |
| 11:46 | Arcane Tower |
| 11:47 | Guard Tower |
| 12:28 | Guard Tower |
| 12:33 | Guard Tower |
| 12:38 | Arcane Tower |
| 12:41 | Magic Sentry |
| 12:44 | Blacksmith |
| 12:45 | Blacksmith |
| 12:53 | Staff of Sanctuary |
| 12:55 | Holy Light |
| 13:07 | Arcane Vault |
| 13:08 | Guard Tower |
| 13:12 | Scout Tower |
| 13:13 | Scout Tower |
| 13:13 | Scout Tower |
| 13:23 | Imbued Masonry |
| 13:24 | Advanced Lumber Harvesting |
| 13:27 | Dragonhawk Rider |
| 13:29 | Farm |
| 13:29 | Farm |
| 14:15 | Boots of Speed |
| 14:15 | Staff of Teleportation |
| 14:22 | Blizzard |
| 15:35 | Orb of Lightning |
| 16:10 | Boots of Speed |
| 16:10 | Staff of Teleportation |
| 16:49 | Guard Tower |
| 16:50 | Dragonhawk Rider |
| 16:52 | Iron Forged Swords |
| 16:54 | Barracks |
| 17:24 | Dragonhawk Rider |
| 17:26 | Studded Leather Armor |
| 17:39 | Scout Tower |
| 17:40 | Scout Tower |
| 17:40 | Scout Tower |
| 17:40 | Scout Tower |
| 17:41 | Scout Tower |
| 17:41 | Scout Tower |
| 17:42 | Scout Tower |
| 17:42 | Scout Tower |
| 17:47 | Scout Tower |
| 17:47 | Scout Tower |
| 17:48 | Scout Tower |
| 17:49 | Scout Tower |
| 17:49 | Scout Tower |
| 17:49 | Scout Tower |
| 17:50 | Scout Tower |
| 17:50 | Scout Tower |
| 17:51 | Scout Tower |
| 17:51 | Scout Tower |
| 17:52 | Scout Tower |
| 17:52 | Scout Tower |
| 17:53 | Scout Tower |
| 18:07 | Orb of Lightning |
| 18:17 | Guard Tower |
| 18:20 | Staff of Sanctuary |
| 18:29 | Staff of Sanctuary |
| 18:44 | Guard Tower |
| 19:00 | Guard Tower |
| 19:04 | Guard Tower |
| 19:05 | Scout Tower |
| 19:06 | Scout Tower |
| 19:06 | Scout Tower |
| 19:07 | Scout Tower |
| 19:07 | Scout Tower |
| 19:11 | Priest |
| 19:12 | Priest Adept Training |
| 19:15 | Animal War Training |
| 19:17 | Steel Forged Swords |
| 19:17 | Reinforced Leather Armor |
| 19:18 | Guard Tower |
| 19:37 | Arcane Tower |
| 20:34 | Guard Tower |
| 20:39 | Arcane Tower |
| 20:40 | Guard Tower |
| 20:41 | Guard Tower |
| 21:16 | Divine Shield |
| 21:37 | Guard Tower |
| 22:14 | Scout Tower |
| 22:14 | Scout Tower |
| 22:15 | Scout Tower |
| 22:15 | Scout Tower |
| 22:16 | Scout Tower |
| 22:16 | Scout Tower |
| 22:17 | Scout Tower |
| 22:17 | Scout Tower |
| 22:18 | Scout Tower |
| 22:32 | Guard Tower |
| 22:44 | Guard Tower |
| 23:01 | Bash |
| 23:08 | Guard Tower |
| 23:14 | Guard Tower |
| 23:24 | Guard Tower |
| 23:25 | Guard Tower |
| 23:40 | Scout Tower |
| 23:41 | Scout Tower |
| 23:41 | Scout Tower |
| 23:41 | Scout Tower |
| 23:42 | Scout Tower |
| 23:50 | Guard Tower |
| 25:47 | Scout Tower |
| 25:48 | Scout Tower |
| 25:48 | Scout Tower |
| 25:48 | Scout Tower |
| 25:49 | Scout Tower |
| 25:49 | Scout Tower |
| 25:50 | Scout Tower |
| 25:50 | Scout Tower |
| 25:51 | Guard Tower |
| 25:55 | Scout Tower |
| 25:55 | Scout Tower |
| 25:56 | Scout Tower |
| 25:59 | Scout Tower |
| 25:59 | Scout Tower |
| 26:00 | Scout Tower |
| 26:00 | Scout Tower |
| 26:01 | Scout Tower |
| 26:01 | Scout Tower |
| 26:13 | Guard Tower |
| 27:22 | Brilliance Aura |
| 27:36 | Brilliance Aura |
| 28:44 | Holy Light |
| 30:59 | Storm Bolt |
| 31:22 | Dragonhawk Rider |
| 31:22 | Dragonhawk Rider |
| 31:22 | Dragonhawk Rider |
| 31:24 | Guard Tower |
| 36:38 | Scout Tower |
| 36:39 | Scout Tower |
| 36:39 | Scout Tower |
| 36:39 | Scout Tower |
| 36:40 | Scout Tower |
| 36:40 | Scout Tower |
| 36:40 | Scout Tower |
| 36:40 | Scout Tower |
| 38:06 | Guard Tower |
| 38:08 | Scout Tower |
| 38:08 | Scout Tower |
| 38:09 | Scout Tower |
| 38:10 | Scout Tower |
| 38:11 | Scout Tower |
| 38:11 | Scout Tower |
| 38:12 | Guard Tower |
| 38:44 | Blizzard |
| 39:49 | Divine Shield |
| 40:08 | Bash |
| 42:02 | Priest Master Training |
| 42:09 | Scout Tower |
| 42:10 | Scout Tower |
| 42:10 | Scout Tower |
| 42:10 | Scout Tower |
| 42:11 | Scout Tower |
| 42:11 | Scout Tower |
| 42:12 | Scout Tower |
| 42:12 | Scout Tower |
| 42:13 | Scout Tower |
| 42:13 | Scout Tower |
| 42:13 | Scout Tower |
| 42:14 | Scout Tower |
| 42:14 | Scout Tower |
| 42:35 | Scout Tower |
| 42:35 | Scout Tower |
| 42:35 | Scout Tower |
| 42:36 | Scout Tower |
| 42:36 | Scout Tower |
| 42:36 | Scout Tower |
| 43:29 | Guard Tower |
| 43:30 | Guard Tower |
| 43:48 | Guard Tower |
| 44:12 | Guard Tower |
| 44:27 | Orb of Fire |
| 45:26 | Guard Tower |
| 47:16 | Scout Tower |
| 47:16 | Scout Tower |
| 47:17 | Scout Tower |
| 47:18 | Scout Tower |
| 48:34 | Guard Tower |
| 53:27 | Scout Tower |
| 53:28 | Scout Tower |
| 53:28 | Scout Tower |
| 53:29 | Scout Tower |
| 53:29 | Scout Tower |
| 53:31 | Scout Tower |
| 54:00 | Arcane Tower |
| 54:06 | Arcane Tower |
| 54:06 | Guard Tower |
| 54:12 | Scout Tower |
| 54:13 | Scout Tower |
| 54:14 | Scout Tower |
| 54:15 | Scout Tower |
| 54:15 | Scout Tower |
| 54:15 | Scout Tower |
| 54:16 | Scout Tower |
| 54:16 | Scout Tower |
| 54:17 | Scout Tower |
| 54:17 | Scout Tower |
| 54:18 | Scout Tower |
| 54:19 | Scout Tower |
| 54:30 | Guard Tower |
| 55:12 | Guard Tower |
| 55:13 | Guard Tower |
| 55:14 | Arcane Tower |
| 55:14 | Guard Tower |
| 55:15 | Guard Tower |
| 55:15 | Guard Tower |
| 55:29 | Guard Tower |
| 55:47 | Guard Tower |
| 56:16 | Guard Tower |
| 58:43 | Farm |
| 58:44 | Farm |
| 59:59 | Mass Teleport |
| 60:33 | Holy Light |
| 61:12 | Storm Bolt |
| 64:58 | Workshop |
| 66:00 | Black Gunpowder |
| 66:04 | Mortar Team |
| 66:04 | Mortar Team |
| 66:06 | Mortar Team |
| 66:38 | Mortar Team |
| 67:33 | Mortar Team |
| 67:34 | Mortar Team |
| 67:34 | Mortar Team |
| 68:05 | Refined Gunpowder |
| 71:41 | Flare |
| 73:27 | Scout Tower |
| Right click | 6708 |
| Select group | 1433 |
| Select | 1103 |
| Use ability | 325 |
| Build/train/purchase | 260 |
| Chat | 240 |
| Resource trade | 38 |
| Assign group | 20 |
| Minimap ping | 18 |
| Misc. action | 10 |
| Item give/drop | 3 |
| Remove unit | 1 |
300 units @ 49k
/ 8.2k
171 buildings @ 28k
/ 12.9k


| Peasant | 19 | 1425 | / | 0 |
| Footman | 5 | 675 | / | 0 |
| Rifleman | 10 | 2050 | / | 300 |
| Priest | 9 | 1215 | / | 90 |
| Gryphon Rider | 12 | 3360 | / | 840 |
| Knight | 6 | 1470 | / | 360 |
| Sorceress | 3 | 465 | / | 60 |
| Siege Engine | 8 | 1560 | / | 480 |
| Dragonhawk Rider | 21 | 4200 | / | 630 |
| total: | 93 | 16420g | / | 2760w |
| Scout Tower | 10 | 300 | / | 200 |
| Arcane Tower | 3 | 210 | / | 150 |
| Guard Tower | 5 | 350 | / | 250 |
| Farm | 14 | 1120 | / | 280 |
| Barracks | 1 | 160 | / | 60 |
| Altar of Kings | 1 | 180 | / | 50 |
| Lumber Mill | 1 | 120 | / | 0 |
| Blacksmith | 1 | 140 | / | 60 |
| Town Hall | 3 | 1155 | / | 615 |
| Arcane Vault | 1 | 130 | / | 30 |
| Gryphon Aviary | 1 | 140 | / | 150 |
| Arcane Sanctum | 1 | 150 | / | 140 |
| Workshop | 3 | 420 | / | 420 |
| Keep | 1 | 320 | / | 210 |
| Castle | 1 | 360 | / | 210 |
| total: | 37 | 4015g | / | 2005w |
| 0:05 | Peasant |
| 0:05 | Peasant |
| 0:10 | Farm |
| 0:18 | Barracks |
| 0:21 | Peasant |
| 0:48 | Altar of Kings |
| 1:02 | Farm |
| 1:06 | Farm |
| 1:14 | Peasant |
| 1:18 | Peasant |
| 1:37 | Footman |
| 1:46 | Peasant |
| 1:49 | Footman |
| 1:59 | Scout Tower |
| 2:06 | Footman |
| 2:18 | Farm |
| 2:27 | Footman |
| 2:36 | Arcane Tower |
| 2:47 | Lumber Mill |
| 3:04 | Holy Light |
| 3:17 | Blacksmith |
| 3:37 | Footman |
| 3:43 | Farm |
| 3:53 | Defend |
| 4:14 | Divine Shield |
| 4:28 | Peasant |
| 4:33 | Farm |
| 4:36 | Rifleman |
| 5:09 | Keep |
| 5:12 | Rifleman |
| 5:56 | Scout Tower |
| 6:03 | Rifleman |
| 6:32 | Holy Light |
| 6:46 | Rifleman |
| 6:50 | Town Hall |
| 6:51 | Guard Tower |
| 7:53 | Gryphon Aviary |
| 7:56 | Arcane Sanctum |
| 7:59 | Improved Lumber Harvesting |
| 8:04 | Rifleman |
| 8:54 | Farm |
| 9:11 | Farm |
| 9:17 | Priest Adept Training |
| 9:36 | Farm |
| 9:41 | Peasant |
| 9:53 | Scout Tower |
| 9:54 | Peasant |
| 9:55 | Peasant |
| 9:56 | Peasant |
| 9:56 | Peasant |
| 9:57 | Peasant |
| 10:14 | Rifleman |
| 10:16 | Priest |
| 10:30 | Devotion Aura |
| 10:43 | Flame Strike |
| 10:46 | Castle |
| 10:52 | Priest |
| 10:59 | Scout Tower |
| 11:31 | Guard Tower |
| 11:32 | Guard Tower |
| 12:26 | Priest |
| 12:26 | Priest |
| 12:29 | Studded Leather Armor |
| 12:32 | Black Gunpowder |
| 13:08 | Gryphon Rider |
| 13:08 | Gryphon Rider |
| 13:09 | Storm Hammers |
| 13:14 | Farm |
| 13:16 | Iron Plating |
| 14:07 | Siphon Mana |
| 14:18 | Town Hall |
| 14:41 | Knight |
| 15:18 | Knight |
| 15:21 | Sundering Blades |
| 15:29 | Gryphon Rider |
| 15:40 | Priest |
| 15:50 | Priest Master Training |
| 15:55 | Gryphon Rider |
| 16:01 | Rifleman |
| 16:15 | Scout Tower |
| 16:17 | Scout Tower |
| 16:44 | Rifleman |
| 16:55 | Priest |
| 16:55 | Priest |
| 17:00 | Long Rifles |
| 17:02 | Animal War Training |
| 17:09 | Steel Plating |
| 17:33 | Guard Tower |
| 17:53 | Sorceress |
| 17:53 | Sorceress |
| 18:54 | Farm |
| 18:58 | Farm |
| 19:10 | Peasant |
| 19:10 | Peasant |
| 19:38 | Farm |
| 19:41 | Farm |
| 19:46 | Refined Gunpowder |
| 19:51 | Sorceress |
| 20:03 | Gryphon Rider |
| 20:03 | Gryphon Rider |
| 20:37 | Knight |
| 22:05 | Gryphon Rider |
| 22:05 | Gryphon Rider |
| 22:20 | Flame Strike |
| 23:57 | Holy Light |
| 25:13 | Knight |
| 25:13 | Knight |
| 25:15 | Priest |
| 25:15 | Priest |
| 25:17 | Gryphon Rider |
| 25:17 | Gryphon Rider |
| 25:50 | Workshop |
| 26:14 | Scout Tower |
| 26:18 | Peasant |
| 26:22 | Siege Engine |
| 26:23 | Siege Engine |
| 26:28 | Workshop |
| 26:34 | Workshop |
| 26:47 | Siege Engine |
| 27:03 | Arcane Tower |
| 27:12 | Siege Engine |
| 27:12 | Siege Engine |
| 27:21 | Rifleman |
| 27:21 | Rifleman |
| 27:39 | Siege Engine |
| 28:23 | Siege Engine |
| 28:42 | Iron Forged Swords |
| 29:13 | Siege Engine |
| 32:24 | Knight |
| 32:37 | Gryphon Rider |
| 32:37 | Gryphon Rider |
| 33:06 | Arcane Vault |
| 34:41 | Cloud |
| 34:41 | Dragonhawk Rider |
| 34:41 | Dragonhawk Rider |
| 34:42 | Dragonhawk Rider |
| 35:37 | Siphon Mana |
| 35:44 | Siphon Mana |
| 39:06 | Resurrection |
| 39:17 | Town Hall |
| 41:55 | Scout Tower |
| 41:59 | Scout Tower |
| 42:02 | Scout Tower |
| 42:22 | Arcane Tower |
| 42:29 | Guard Tower |
| 42:33 | Dragonhawk Rider |
| 42:33 | Dragonhawk Rider |
| 42:42 | Peasant |
| 43:05 | Dragonhawk Rider |
| 43:21 | Dragonhawk Rider |
| 43:45 | Dragonhawk Rider |
| 44:16 | Dragonhawk Rider |
| 44:31 | Dragonhawk Rider |
| 44:39 | Dragonhawk Rider |
| 45:11 | Dragonhawk Rider |
| 45:42 | Dragonhawk Rider |
| 46:44 | Peasant |
| 46:44 | Peasant |
| 48:33 | Dragonhawk Rider |
| 48:34 | Dragonhawk Rider |
| 48:34 | Dragonhawk Rider |
| 48:34 | Dragonhawk Rider |
| 48:34 | Dragonhawk Rider |
| 49:43 | Dragonhawk Rider |
| 49:43 | Dragonhawk Rider |
| 49:43 | Dragonhawk Rider |
| Right click | 1870 |
| Select | 777 |
| Build/train/purchase | 152 |
| Select group | 110 |
| Use ability | 71 |
| Misc. action | 70 |
| Assign group | 22 |
| Remove unit | 13 |
| Minimap ping | 9 |


| Rod of Necromancy | 1 | 150 |
| Sacrificial Skull | 1 | 50 |
| Potion of Healing | 1 | 150 |
| Scroll of Town Portal | 2 | 700 |
| total: | 5 | 1050g |
| Acolyte | 24 | 1800 | / | 0 |
| Ghoul | 6 | 720 | / | 0 |
| Crypt Fiend | 11 | 2365 | / | 440 |
| Obsidian Statue | 6 | 1200 | / | 210 |
| Banshee | 4 | 620 | / | 120 |
| Frost Wyrm | 11 | 4235 | / | 1320 |
| Meat Wagon | 6 | 1380 | / | 300 |
| Peasant | 19 | 1425 | / | 0 |
| total: | 87 | 13745g | / | 2390w |
| Nerubian Tower | 3 | 300 | / | 60 |
| Spirit Tower | 5 | 725 | / | 200 |
| Crypt | 1 | 200 | / | 50 |
| Altar of Darkness | 1 | 180 | / | 50 |
| Ziggurat | 12 | 1800 | / | 600 |
| Tomb of Relics | 2 | 260 | / | 60 |
| Graveyard | 1 | 215 | / | 0 |
| Necropolis | 6 | 1350 | / | 0 |
| Slaughterhouse | 1 | 140 | / | 135 |
| Sacrificial Pit | 1 | 75 | / | 150 |
| Temple of the Damned | 1 | 155 | / | 140 |
| Boneyard | 2 | 350 | / | 400 |
| Halls of the Dead | 1 | 320 | / | 210 |
| Black Citadel | 1 | 325 | / | 230 |
| Scout Tower | 28 | 840 | / | 560 |
| Arcane Tower | 4 | 280 | / | 200 |
| Town Hall | 27 | 10395 | / | 5535 |
| total: | 83 | 15960g | / | 7680w |
| 0:05 | Acolyte |
| 0:05 | Acolyte |
| 0:11 | Crypt |
| 0:14 | Altar of Darkness |
| 0:51 | Ziggurat |
| 1:27 | Tomb of Relics |
| 1:32 | Ghoul |
| 1:32 | Ghoul |
| 2:03 | Ghoul |
| 2:09 | Ziggurat |
| 2:29 | Graveyard |
| 2:35 | Ghoul |
| 2:43 | Rod of Necromancy |
| 2:51 | Death Coil |
| 2:55 | Ghoul |
| 3:21 | Nerubian Tower |
| 3:44 | Halls of the Dead |
| 4:22 | Crypt Fiend |
| 4:39 | Crypt Fiend |
| 4:52 | Ziggurat |
| 4:56 | Spirit Tower |
| 5:18 | Cannibalize |
| 5:20 | Crypt Fiend |
| 6:15 | Slaughterhouse |
| 6:25 | Unholy Aura |
| 6:34 | Crypt Fiend |
| 6:37 | Web |
| 7:05 | Crypt Fiend |
| 7:10 | Frost Nova |
| 7:29 | Burrow |
| 7:53 | Sacrificial Skull |
| 8:07 | Ziggurat |
| 8:08 | Ziggurat |
| 8:09 | Ziggurat |
| 8:41 | Crypt Fiend |
| 8:59 | Obsidian Statue |
| 9:36 | Crypt Fiend |
| 9:40 | Acolyte |
| 9:40 | Acolyte |
| 9:40 | Acolyte |
| 9:40 | Acolyte |
| 10:10 | Crypt Fiend |
| 10:13 | Acolyte |
| 10:30 | Frost Armor |
| 10:32 | Death Coil |
| 10:41 | Obsidian Statue |
| 11:29 | Ziggurat |
| 11:30 | Ziggurat |
| 11:32 | Ziggurat |
| 11:34 | Nerubian Tower |
| 11:36 | Spirit Tower |
| 11:51 | Creature Attack |
| 11:52 | Creature Carapace |
| 12:30 | Crypt Fiend |
| 12:32 | Crypt Fiend |
| 12:36 | Spirit Tower |
| 12:46 | Obsidian Statue |
| 13:16 | Black Citadel |
| 13:36 | Spirit Tower |
| 14:39 | Sacrificial Pit |
| 14:44 | Temple of the Damned |
| 14:54 | Ziggurat |
| 16:04 | Frost Nova |
| 16:27 | Banshee Adept Training |
| 16:32 | Acolyte |
| 16:43 | Crypt Fiend |
| 16:50 | Boneyard |
| 16:51 | Boneyard |
| 16:55 | Improved Creature Attack |
| 16:55 | Improved Creature Carapace |
| 17:06 | Banshee |
| 17:06 | Banshee |
| 17:28 | Destroyer Form |
| 17:50 | Ghoul |
| 18:23 | Freezing Breath |
| 19:16 | Frost Wyrm |
| 19:45 | Frost Wyrm |
| 20:19 | Scroll of Town Portal |
| 21:43 | Unholy Aura |
| 22:08 | Necropolis |
| 23:40 | Frost Armor |
| 24:55 | Death Coil |
| 25:28 | Frost Wyrm |
| 25:29 | Frost Wyrm |
| 25:29 | Frost Wyrm |
| 25:48 | Scroll of Town Portal |
| 25:51 | Potion of Healing |
| 26:00 | Obsidian Statue |
| 26:00 | Obsidian Statue |
| 26:55 | Acolyte |
| 26:55 | Acolyte |
| 26:55 | Acolyte |
| 26:56 | Acolyte |
| 27:01 | Ziggurat |
| 27:02 | Ziggurat |
| 27:30 | Banshee |
| 27:34 | Banshee |
| 28:00 | Spirit Tower |
| 29:28 | Frost Nova |
| 30:06 | Obsidian Statue |
| 30:08 | Meat Wagon |
| 30:08 | Meat Wagon |
| 30:08 | Meat Wagon |
| 31:14 | Frost Wyrm |
| 31:17 | Frost Wyrm |
| 31:46 | Necropolis |
| 32:53 | Meat Wagon |
| 32:54 | Meat Wagon |
| 33:08 | Nerubian Tower |
| 33:55 | Acolyte |
| 33:55 | Acolyte |
| 33:55 | Acolyte |
| 33:56 | Acolyte |
| 33:56 | Acolyte |
| 35:43 | Advanced Creature Attack |
| 35:43 | Advanced Creature Carapace |
| 35:45 | Frost Wyrm |
| 39:20 | Frost Wyrm |
| 40:28 | Meat Wagon |
| 40:32 | Frost Wyrm |
| 43:15 | Death and Decay |
| 45:52 | Frost Wyrm |
| 50:37 | Acolyte |
| 50:37 | Acolyte |
| 57:04 | Acolyte |
| 57:04 | Acolyte |
| 57:04 | Acolyte |
| 57:51 | Acolyte |
| 58:09 | Acolyte |
| 64:13 | Necropolis |
| 64:15 | Necropolis |
| 64:16 | Necropolis |
| 64:18 | Necropolis |
| 64:56 | Peasant |
| 64:57 | Peasant |
| 65:07 | Town Hall |
| 65:07 | Town Hall |
| 65:10 | Town Hall |
| 65:11 | Town Hall |
| 65:13 | Town Hall |
| 65:14 | Town Hall |
| 65:16 | Town Hall |
| 65:17 | Town Hall |
| 65:18 | Town Hall |
| 65:20 | Town Hall |
| 65:26 | Town Hall |
| 65:28 | Town Hall |
| 65:33 | Town Hall |
| 65:37 | Town Hall |
| 65:41 | Town Hall |
| 68:42 | Town Hall |
| 68:44 | Town Hall |
| 68:50 | Town Hall |
| 68:51 | Town Hall |
| 68:52 | Town Hall |
| 68:54 | Town Hall |
| 68:59 | Peasant |
| 68:59 | Peasant |
| 68:59 | Peasant |
| 68:59 | Peasant |
| 68:59 | Peasant |
| 69:00 | Peasant |
| 69:00 | Peasant |
| 69:30 | Town Hall |
| 69:34 | Town Hall |
| 69:43 | Town Hall |
| 69:51 | Peasant |
| 69:51 | Peasant |
| 69:51 | Peasant |
| 70:06 | Scout Tower |
| 70:07 | Scout Tower |
| 70:08 | Scout Tower |
| 70:09 | Scout Tower |
| 70:10 | Scout Tower |
| 70:11 | Scout Tower |
| 70:11 | Scout Tower |
| 70:12 | Scout Tower |
| 70:19 | Scout Tower |
| 70:20 | Scout Tower |
| 70:20 | Scout Tower |
| 70:21 | Scout Tower |
| 70:21 | Scout Tower |
| 70:24 | Peasant |
| 70:24 | Peasant |
| 70:57 | Town Hall |
| 71:24 | Arcane Tower |
| 71:35 | Peasant |
| 71:35 | Peasant |
| 71:35 | Peasant |
| 71:35 | Peasant |
| 72:12 | Town Hall |
| 72:31 | Town Hall |
| 72:37 | Scout Tower |
| 72:42 | Scout Tower |
| 72:59 | Arcane Tower |
| 73:06 | Scout Tower |
| 73:07 | Scout Tower |
| 73:07 | Scout Tower |
| 73:08 | Scout Tower |
| 73:10 | Scout Tower |
| 73:11 | Scout Tower |
| 73:12 | Scout Tower |
| 73:13 | Scout Tower |
| 73:14 | Scout Tower |
| 73:16 | Scout Tower |
| 73:17 | Scout Tower |
| 73:19 | Scout Tower |
| 73:20 | Scout Tower |
| 73:21 | Arcane Tower |
| 73:31 | Peasant |
| 73:40 | Arcane Tower |
| 76:06 | Tomb of Relics |
| Right click | 3322 |
| Select | 535 |
| Select group | 404 |
| Build/train/purchase | 149 |
| Use ability | 118 |
| Misc. action | 87 |
| Assign group | 41 |
| Chat | 20 |
| Resource trade | 11 |
| Minimap ping | 5 |



| Rod of Necromancy | 2 | 300 |
| total: | 2 | 300g |
| Acolyte | 9 | 675 | / | 0 |
| Ghoul | 4 | 480 | / | 0 |
| Crypt Fiend | 18 | 3870 | / | 720 |
| Gargoyle | 2 | 350 | / | 60 |
| Obsidian Statue | 4 | 800 | / | 140 |
| Abomination | 3 | 720 | / | 210 |
| Banshee | 2 | 310 | / | 60 |
| Meat Wagon | 10 | 2300 | / | 500 |
| Necromancer | 7 | 1015 | / | 140 |
| Frost Wyrm | 3 | 1155 | / | 360 |
| total: | 62 | 11675g | / | 2190w |
| Nerubian Tower | 1 | 100 | / | 20 |
| Spirit Tower | 2 | 290 | / | 80 |
| Graveyard | 1 | 215 | / | 0 |
| Crypt | 1 | 200 | / | 50 |
| Altar of Darkness | 1 | 180 | / | 50 |
| Ziggurat | 15 | 2250 | / | 750 |
| Tomb of Relics | 2 | 260 | / | 60 |
| Necropolis | 1 | 225 | / | 0 |
| Slaughterhouse | 1 | 140 | / | 135 |
| Temple of the Damned | 1 | 155 | / | 140 |
| Sacrificial Pit | 1 | 75 | / | 150 |
| Boneyard | 2 | 350 | / | 400 |
| Halls of the Dead | 1 | 320 | / | 210 |
| Black Citadel | 1 | 325 | / | 230 |
| total: | 26 | 4050g | / | 1735w |
| 0:10 | Graveyard |
| 0:17 | Crypt |
| 0:21 | Acolyte |
| 0:58 | Acolyte |
| 1:25 | Altar of Darkness |
| 1:28 | Ziggurat |
| 1:39 | Ghoul |
| 2:04 | Tomb of Relics |
| 2:20 | Ziggurat |
| 2:25 | Crypt Fiend |
| 2:44 | Ziggurat |
| 2:58 | Crypt Fiend |
| 3:26 | Rod of Necromancy |
| 3:36 | Death Coil |
| 3:43 | Crypt Fiend |
| 4:07 | Crypt Fiend |
| 4:09 | Halls of the Dead |
| 4:33 | Crypt Fiend |
| 4:48 | Crypt Fiend |
| 5:09 | Crypt Fiend |
| 5:12 | Unholy Aura |
| 5:24 | Ziggurat |
| 5:58 | Crypt Fiend |
| 6:42 | Crypt Fiend |
| 6:47 | Ghoul |
| 6:53 | Slaughterhouse |
| 7:10 | Crypt Fiend |
| 7:39 | Gargoyle |
| 7:43 | Death Coil |
| 7:59 | Frost Armor |
| 8:30 | Obsidian Statue |
| 8:31 | Crypt Fiend |
| 8:38 | Acolyte |
| 8:43 | Rod of Necromancy |
| 9:19 | Crypt Fiend |
| 9:36 | Crypt Fiend |
| 9:40 | Black Citadel |
| 9:52 | Necropolis |
| 10:02 | Obsidian Statue |
| 10:05 | Ghoul |
| 10:44 | Crypt Fiend |
| 10:58 | Crypt Fiend |
| 11:07 | Ziggurat |
| 11:19 | Frost Nova |
| 11:45 | Crypt Fiend |
| 11:51 | Ziggurat |
| 11:52 | Acolyte |
| 11:52 | Acolyte |
| 11:52 | Acolyte |
| 11:54 | Acolyte |
| 11:54 | Acolyte |
| 12:06 | Abomination |
| 12:08 | Obsidian Statue |
| 12:25 | Temple of the Damned |
| 12:29 | Sacrificial Pit |
| 12:48 | Nerubian Tower |
| 12:50 | Tomb of Relics |
| 12:58 | Gargoyle |
| 13:07 | Ziggurat |
| 13:11 | Destroyer Form |
| 13:30 | Banshee |
| 13:30 | Banshee |
| 14:11 | Obsidian Statue |
| 14:35 | Banshee Adept Training |
| 14:38 | Acolyte |
| 15:10 | Abomination |
| 15:24 | Disease Cloud |
| 15:31 | Boneyard |
| 16:11 | Howl of Terror |
| 16:53 | Ghoul |
| 17:07 | Spirit Tower |
| 17:24 | Spirit Tower |
| 17:26 | Ziggurat |
| 17:28 | Ziggurat |
| 17:31 | Ziggurat |
| 17:32 | Ziggurat |
| 17:54 | Ziggurat |
| 17:56 | Ziggurat |
| 17:56 | Ziggurat |
| 17:59 | Ziggurat |
| 18:14 | Web |
| 18:48 | Necromancer Adept Training |
| 19:05 | Death Pact |
| 19:44 | Boneyard |
| 19:48 | Necromancer Master Training |
| 20:59 | Meat Wagon |
| 20:59 | Meat Wagon |
| 21:03 | Freezing Breath |
| 21:05 | Necromancer |
| 21:05 | Necromancer |
| 21:54 | Necromancer |
| 22:16 | Meat Wagon |
| 22:16 | Meat Wagon |
| 22:33 | Meat Wagon |
| 22:38 | Frost Wyrm |
| 22:38 | Frost Wyrm |
| 23:39 | Necromancer |
| 23:44 | Burrow |
| 25:15 | Cleaving Attack |
| 25:16 | Frost Nova |
| 25:44 | Exhume Corpses |
| 26:34 | Skeletal Mastery |
| 28:38 | Meat Wagon |
| 28:38 | Meat Wagon |
| 28:38 | Meat Wagon |
| 30:07 | Necromancer |
| 30:07 | Necromancer |
| 30:25 | Death Coil |
| 32:04 | Crypt Fiend |
| 32:05 | Crypt Fiend |
| 32:42 | Necromancer |
| 32:47 | Abomination |
| 32:50 | Frost Wyrm |
| 33:56 | Meat Wagon |
| 33:56 | Meat Wagon |
| 39:24 | Frost Armor |
| 42:10 | Rain of Fire |
| Right click | 3075 |
| Select group | 1944 |
| Select | 1002 |
| Misc. action | 206 |
| Assign group | 152 |
| Build/train/purchase | 144 |
| Chat | 141 |
| Use ability | 122 |
| Minimap ping | 36 |
| Esc | 9 |
| Remove unit | 1 |

| Healing Salve | 3 | 300 |
| Lesser Clarity Potion | 1 | 70 |
| Orb of Lightning | 1 | 375 |
| Potion of Mana | 1 | 200 |
| Scroll of Healing | 1 | 250 |
| Boots of Speed | 1 | 250 |
| total: | 8 | 1445g |
| Peon | 26 | 1950 | / | 0 |
| Troll Headhunter | 15 | 2100 | / | 300 |
| Demolisher | 9 | 1980 | / | 450 |
| Troll Berserker | 8 | 1120 | / | 160 |
| total: | 58 | 7150g | / | 910w |
| Watch Tower | 8 | 880 | / | 640 |
| Altar of Storms | 1 | 180 | / | 50 |
| Orc Burrow | 8 | 1280 | / | 320 |
| Barracks | 5 | 900 | / | 250 |
| War Mill | 1 | 205 | / | 0 |
| Voodoo Lounge | 1 | 130 | / | 30 |
| Great Hall | 1 | 385 | / | 185 |
| Stronghold | 1 | 315 | / | 190 |
| Fortress | 1 | 325 | / | 190 |
| total: | 25 | 3960g | / | 1475w |
| 0:04 | Peon |
| 0:15 | Altar of Storms |
| 0:16 | Peon |
| 0:45 | Orc Burrow |
| 0:46 | Peon |
| 1:01 | Barracks |
| 1:13 | Peon |
| 1:25 | Peon |
| 1:30 | War Mill |
| 1:35 | Peon |
| 1:52 | Peon |
| 2:08 | Orc Burrow |
| 2:10 | Orc Burrow |
| 2:14 | Peon |
| 2:31 | Peon |
| 2:42 | Voodoo Lounge |
| 2:46 | Critical Strike |
| 2:47 | Troll Headhunter |
| 3:12 | Watch Tower |
| 3:18 | Troll Headhunter |
| 3:22 | Watch Tower |
| 3:39 | Barracks |
| 3:41 | Troll Headhunter |
| 3:53 | Healing Salve |
| 4:06 | Troll Headhunter |
| 4:13 | Troll Headhunter |
| 4:40 | Troll Headhunter |
| 4:55 | Wind Walk |
| 5:01 | Orc Burrow |
| 5:32 | Stronghold |
| 6:18 | Troll Headhunter |
| 6:18 | Troll Headhunter |
| 6:21 | Orc Burrow |
| 6:48 | Troll Headhunter |
| 6:49 | Troll Headhunter |
| 6:51 | Steel Ranged Weapons |
| 7:12 | Troll Headhunter |
| 7:12 | Troll Headhunter |
| 7:21 | Healing Salve |
| 8:32 | Great Hall |
| 8:38 | Troll Regeneration |
| 8:39 | Thorium Ranged Weapons |
| 9:34 | Boots of Speed |
| 9:37 | Scroll of Healing |
| 10:31 | Demolisher |
| 10:32 | Demolisher |
| 10:36 | Peon |
| 10:36 | Peon |
| 11:05 | Peon |
| 11:13 | Peon |
| 11:26 | Demolisher |
| 11:29 | Demolisher |
| 12:37 | Fortress |
| 12:38 | Troll Headhunter |
| 12:39 | Troll Headhunter |
| 12:53 | Critical Strike |
| 12:59 | Troll Headhunter |
| 14:18 | Wind Walk |
| 15:36 | Berserker Upgrade |
| 15:37 | Arcanite Ranged Weapons |
| 16:57 | Troll Berserker |
| 16:57 | Troll Berserker |
| 16:59 | Barracks |
| 17:02 | Orc Burrow |
| 17:18 | Lesser Clarity Potion |
| 17:22 | Troll Berserker |
| 17:26 | Steel Armor |
| 17:52 | Barracks |
| 17:58 | Troll Berserker |
| 17:59 | Orc Burrow |
| 18:02 | Peon |
| 18:02 | Peon |
| 18:23 | Burning Oil |
| 18:24 | Demolisher |
| 18:26 | Barracks |
| 18:47 | Peon |
| 18:59 | Orc Burrow |
| 19:02 | Peon |
| 19:15 | Peon |
| 19:21 | Peon |
| 19:22 | Peon |
| 19:32 | Thorium Armor |
| 19:36 | Troll Berserker |
| 19:55 | Troll Berserker |
| 20:18 | Troll Berserker |
| 20:18 | Troll Berserker |
| 20:28 | Peon |
| 20:28 | Peon |
| 20:29 | Peon |
| 20:49 | Peon |
| 20:52 | Peon |
| 20:52 | Peon |
| 21:34 | Watch Tower |
| 21:35 | Watch Tower |
| 21:40 | Watch Tower |
| 23:09 | Watch Tower |
| 23:10 | Watch Tower |
| 23:19 | Healing Salve |
| 25:42 | Arcanite Armor |
| 27:21 | Demolisher |
| 30:48 | Demolisher |
| 31:16 | Orb of Lightning |
| 31:42 | Critical Strike |
| 32:34 | Demolisher |
| 32:53 | Potion of Mana |
| 33:08 | Watch Tower |
| 35:59 | Demolisher |
| Right click | 3039 |
| Select | 963 |
| Build/train/purchase | 190 |
| Misc. action | 37 |
| Resource trade | 28 |
| Use ability | 16 |
| Minimap ping | 7 |
| Item give/drop | 3 |